[Event "Late-Titled-Tuesday-Blitz-November-28-2023"]
[Site "Chess.com"]
[Date "2023.11.28"]
[Round "5"]
[White "VladimirBugayev"]
[Black "szachmistrz2500"]
[Result "0-1"]
[WhiteElo "2308"]
[BlackElo "2470"]
[TimeControl "180+1"]
[EndTime "14:52:06 PST"]
[Termination "szachmistrz2500 won by resignation"]

1. e4 c5 2. Nc3 e6 3. f4 Nc6 4. Nf3 d5 5. Bb5 Ne7 6. Ne5 Bd7 7. Nxd7 Qxd7 8. O-O dxe4 9. Nxe4 Qd4+ 10. Nf2 a6 11. Bxc6+ Nxc6 12. f5 exf5 13. d3 Be7 14. Qf3 g6 15.
Be3 Qd7 16. Bh6 O-O-O 17. b4 cxb4 18. a3 bxa3 19. Rfb1 Rhe8 20. Bd2 Bc5 21. Kf1 Nd4 22. Qd1 Re2 23. Bb4 Ba7 24. c3 Rde8 25. cxd4 Qxd4 26. Nh3 Rf2+ 27. Kg1 Rd2+ 28. Kh1 Rxd1+ 29. Rxd1 Qxb4 0-1

[Event "Late-Titled-Tuesday-Blitz-November-28-2023"]
[Site "Chess.com"]
[Date "2023.11.28"]
[Round "5"]
[White "Sacbutt"]
[Black "JaackCamel"]
[Result "1-0"]
[WhiteElo "2355"]
[BlackElo "2028"]
[TimeControl "180+1"]
[EndTime "14:52:11 PST"]
[Termination "Sacbutt won by resignation"]

1. e4 e6 2. d3 d5 3. Nd2 c5 4.
Ngf3 Nc6 5. g3 Nf6 6. Bg2 g6 7.
O-O Bg7 8. Re1 O-O 9. h4 a5 10.
Qe2 b6 11. Nf1 Ba6 12. e5 Nd7 13. Bf4 Rc8 14. N1h2 Ra8 15. Ng4 c4 16. d4 c3 17.
Qd1 cxb2 18. Rb1 b5 19. Rxb2 b4 20. Bf1 Nb6 21. Bxa6 Rxa6 22. Bg5 Qc7 23. Nf6+ Kh8 24. h5 Nc4 25. Rb3 a4 26. Rd3 Nb2 27. Qd2 Nxd3 28. Qxd3 Raa8 29. Qe3 Ne7 30. g4 Ra7 31. Qf4 Qxc2 32.
h6 Rg8 33. Nxg8 Nxg8 34. hxg7+ Kxg7 35. Bf6+ Kf8 36. Rc1 1-0

[Event "Late-Titled-Tuesday-Blitz-November-28-2023"]
[Site "Chess.com"]
[Date "2023.11.28"]
[Round "5"]
[White "TigrVShlyape"]
[Black "GothamChess"]
[Result "1-0"]
[WhiteElo "2967"]
[BlackElo "2657"]
[TimeControl "180+1"]
[EndTime "14:52:19 PST"]
[Termination "TigrVShlyape won by resignation"]

1. d4 g6 2. e4 Bg7 3. c3 d6 4.
Nf3 Nc6 5. Bg5 h6 6. Bh4 g5 7.
Bg3 e6 8. Bb5 Bd7 9. Qe2 a6 10.
Bd3 Nf6 11. Nbd2 Nh5 12. Nc4 Qe7 13. Nfd2 Nxg3 14. hxg3 O-O-O 15. O-O-O e5 16. d5 Nb8 17. g4 Be8 18. Ne3 Bf8 19. Ndf1 Nd7 20. Ng3 Nc5 21. Bc2 Bb5 22. c4 Be8 23. b4 Na4 24.
Rd3 a5 25. Ra3 axb4 26. Rxa4 Bxa4 27. Bxa4 c5 28. dxc6 bxc6 29. Bxc6 Qa7 30. Kb1 Qc5 31. Bb5 d5 32. cxd5 Kb8 33. Rc1 Qd4 34. Ngf5 Qxe4+ 35. Bd3 Qf4 36. g3 1-0

[Event "Late-Titled-Tuesday-Blitz-November-28-2023"]
[Site "Chess.com"]
[Date "2023.11.28"]
[Round "5"]
[White "VitaliyChayka"]
[Black "RodokininEV"]
[Result "0-1"]
[WhiteElo "2420"]
[BlackElo "2587"]
[TimeControl "180+1"]
[EndTime "14:52:22 PST"]
[Termination "RodokininEV won by resignation"]

1. d4 Nf6 2. Bf4 g6 3. e3 d6 4. h3 Bg7 5. Nf3 O-O 6. Be2 c5 7. c3 b6 8. O-O Bb7 9. a4 a6 10. Nbd2 Nbd7 11. Bh2 Ra7 12. Bd3 Qa8 13. Qc2 Rc8 14. Rfe1 Bc6 15. Qb1 b5 16. axb5 axb5 17. Rxa7 Qxa7 18. e4 Qb6 19. e5 dxe5 20. dxe5 Nd5 21. e6 fxe6 22. Rxe6 N7f6 23. Ne5 Qb7 24. Nxc6 Rxc6 25. Qe1 c4 26. Bc2 b4 27. Ba4 Ra6 28.
Bc2 bxc3 29. bxc3 Ra2 30. Be4 Nxe4 31. Nxe4 Qa7 32. Nd2 Ra1 33. Nb1 Qb7 34. Qf1 Qxb1 0-1

[Event "Late-Titled-Tuesday-Blitz-November-28-2023"]
[Site "Chess.com"]
[Date "2023.11.28"]
[Round "5"]
[White "kleber2007"]
[Black "C_K_G"]
[Result "1-0"]
[WhiteElo "2392"]
[BlackElo "2189"]
[TimeControl "180+1"]
[EndTime "14:52:23 PST"]
[Termination "kleber2007 won by resignation"]

1. Nf3 d5 2. g3 e6 3. Bg2 Nf6 4. O-O c5 5. c4 Nc6 6. cxd5 exd5 7. d4 Bf5 8. Nc3 h6 9. Ne5 cxd4 10. Nxc6 bxc6 11. Qxd4 Be7 12. Qa4 Bd7 13. e4 d4 14.
Qxd4 O-O 15. e5 Nh7 16. Be3 Qc7 17. Rac1 Rfc8 18. Nd5 Qd8 19. Nxe7+ Qxe7 20. Rfd1 Be8 21. Qd6 Qb7 22. b3 Nf8 23. f4 g6 24. f5 gxf5 25. Qxh6 Rd8 26. Rxd8 Rxd8 27. Qg5+ 1-0

[Event "Late-Titled-Tuesday-Blitz-November-28-2023"]
[Site "Chess.com"]
[Date "2023.11.28"]
[Round "5"]
[White "DawnofEpiphany"]
[Black "dropstoneDP"]
[Result "0-1"]
[WhiteElo "2649"]
[BlackElo "2959"]
[TimeControl "180+1"]
[EndTime "14:52:24 PST"]
[Termination "dropstoneDP won by resignation"]

1. Nf3 d5 2. g3 Nf6 3. Bg2 e6 4. O-O Be7 5. c4 O-O 6. b3 d4 7.
e3 c5 8. exd4 cxd4 9. Ne5 Qc7 10. Re1 Nbd7 11. Nf3 Bc5 12. a3 a5 13. d3 e5 14. Nbd2 h6 15. Rb1 Qd6 16. Qc2 Ra6 17.
Nh4 Nb8 18. b4 axb4 19. axb4 Bxb4 20. c5 Qxc5 21. Qxc5 Bxc5 22. Rxe5 Nbd7 23. Re1 Rb6 24. Ra1 Bb4 25. Nf5 Re6 26. Rxe6 fxe6 27. Nxd4 Bc3 28. N2b3 Bxa1 29. Nxa1 Nc5 30. Ba3 b6 31. Nab3 Nxb3 32. Nxb3 Rf7 33. f4 Bb7 34. Bh3 Bd5 35. Nd4 Ra7 36.
Bb4 Ra1+ 37. Kf2 Ra2+ 38. Ke3 Kf7 39. Ne2 Bb7 40. Be1 Nd5+ 41. Kf2 Ba6 0-1

[Event "Late-Titled-Tuesday-Blitz-November-28-2023"]
[Site "Chess.com"]
[Date "2023.11.28"]
[Round "5"]
[White "Alohamora11"]
[Black "Schattman"]
[Result "1-0"]
[WhiteElo "2573"]
[BlackElo "2414"]
[TimeControl "180+1"]
[EndTime "14:52:24 PST"]
[Termination "Alohamora11 won on time"]

1. e4 c5 2. Nf3 d6 3. Bb5+ Nd7 4. d4 cxd4 5. Qxd4 Nf6 6. c4 a6 7. Bxd7+ Bxd7 8. Bg5 e6 9. Nc3 Be7 10. O-O b5 11.
Rfd1 Bc6 12. cxb5 axb5 13. e5 Nd5 14. Bxe7 Qxe7 15. exd6 Qf6 16. Nxd5 Bxd5 17. d7+ Kxd7 18. Ne5+ Kc7 19. Qc5+ Kb7 20. Qxb5+ Ka7 21. Rxd5 1-0

[Event "Late-Titled-Tuesday-Blitz-November-28-2023"]
[Site "Chess.com"]
[Date "2023.11.28"]
[Round "5"]
[White "JSPrepz"]
[Black "FairChess_on_YouTube"]
[Result "1/2-1/2"]
[WhiteElo "2862"]
[BlackElo "3078"]
[TimeControl "180+1"]
[EndTime "14:52:29 PST"]
[Termination "Game drawn by repetition"]

1. e4 e6 2. d4 d5 3. Nc3 Nf6 4. Bg5 Be7 5. e5 Nfd7 6. Bxe7 Qxe7 7. f4 c5 8. Nf3 Nc6 9. Qd2 a6 10. O-O-O c4 11. f5 b5 12. Ne2 exf5 13. Nf4 Nb6 14. Nh5 O-O 15. Qf4 c3 16. Qg3 cxb2+ 17. Kb1 g6 18. Nf6+ Kg7 19. h4 Na4 20. Ng5 Qb4 21.
Nxd5 Qa5 22. h5 Nb4 23. hxg6 Nxd5 24. Rxh7+ Kg8 25. Rh8+ Kg7 26. Rh7+ Kg8 27. Rh8+ Kg7 28. Rh7+ 1/2-1/2

[Event "Late-Titled-Tuesday-Blitz-November-28-2023"]
[Site "Chess.com"]
[Date "2023.11.28"]
[Round "5"]
[White "KNVB"]
[Black "PowerThinking2650"]
[Result "0-1"]
[WhiteElo "2665"]
[BlackElo "2474"]
[TimeControl "180+1"]
[EndTime "14:52:34 PST"]
[Termination "PowerThinking2650 won on time"]

1. e4 e5 2. Nf3 Nc6 3. Bc4 Nf6 4. Qe2 h6 5. c3 d6 6. d3 g6 7. h3 Bg7 8. Nbd2 O-O 9. g4 d5 10. Bb3 Be6 11. Nf1 dxe4 12. dxe4 Bxb3 13. axb3 a5 14. Ng3 Nd7 15. Be3 Qe7 16. h4 Nc5 17. h5 Nxb3 18. Rd1 g5 19. Qb5 a4 20. Qxb7 Nca5 21. Nf5 Qe6 22.
Qxc7 Nc4 23. Kf1 Nxb2 24. Rd6 Qc4+ 25. Qxc4 Nxc4 26. Rd1 a3 27. Kg2 a2 0-1

[Event "Late-Titled-Tuesday-Blitz-November-28-2023"]
[Site "Chess.com"]
[Date "2023.11.28"]
[Round "5"]
[White "aa175"]
[Black "Lukianoo"]
[Result "0-1"]
[WhiteElo "2601"]
[BlackElo "2830"]
[TimeControl "180+1"]
[EndTime "14:52:45 PST"]
[Termination "Lukianoo won by resignation"]

1. d4 Nf6 2. Nf3 e6 3. Bf4 d5 4.
e3 Bd6 5. Nbd2 O-O 6. Bd3 c5 7. c3 Qc7 8. Bxd6 Qxd6 9. Ne5 Nc6 10. f4 Ne7 11. Qf3 b6 12. h4 Bb7 13. h5 Nd7 14. h6 g6 15. Qg3 Nf5 16. Bxf5 exf5 17. Ndf3 Nf6 18. Nh4 Ne4 19. Qh3 Rae8 20. O-O-O c4 21.
Rdg1 Bc8 22. g4 fxg4 23. Qg2 g3 24. Re1 b5 25. a3 a5 26. f5 b4 27. fxg6 fxg6 28.
Ref1 bxc3 29. Nhxg6 hxg6 30. h7+ Kh8 31. Rxf8+ Rxf8 32. Rf1 Bf5 33. Nxg6+ Qxg6 34. b3 0-1

[Event "Late-Titled-Tuesday-Blitz-November-28-2023"]
[Site "Chess.com"]
[Date "2023.11.28"]
[Round "5"]
[White "slorovel"]
[Black "NikolaGry"]
[Result "0-1"]
[WhiteElo "2519"]
[BlackElo "2713"]
[TimeControl "180+1"]
[EndTime "14:52:46 PST"]
[Termination "NikolaGry won by resignation"]

1. e4 d5 2. exd5 Nf6 3. Nf3 Nxd5 4. d4 Bf5 5. Bd3 Bxd3 6. Qxd3 c6 7. O-O e6 8. c4 Nf6 9. Nc3 Be7 10. Bg5 O-O 11.
Rfd1 Nbd7 12. Rac1 Re8 13. h3 Qa5 14. Bd2 Qa6 15. b3 Rad8 16. Qc2 Nf8 17. Be3 Ng6 18. a4 Qa5 19. Ne4 Nh5 20. Nc5 Qc7 21. Nd3 Nhf4 22.
Nxf4 Nxf4 23. Ne5 Ng6 24. Nxg6 hxg6 25. Qe4 Bf6 26. Bf4 Qb6 27. c5 Qxb3 28. Rb1 Qxa4 29.
Ra1 Qc4 30. Rxa7 Bxd4 31. Kh2 Qd5 32. Qb1 Qxc5 33. Rxb7 Be5 34. Bxe5 Qxe5+ 35. Kg1 Rd5 36. Rxd5 cxd5 37. Qb5 Rf8 38. Qd7 Qe1+ 39. Kh2 Qxf2 40. Rc7 Qf4+ 41. Kh1 Rb8 42. Rc8+ Rxc8 43. Qxc8+ Kh7 44.
Qc2 d4 45. Kg1 Qe3+ 46. Kf1 d3 47. Qf2 Qc1+ 48. Qe1 d2 0-1

[Event "Late-Titled-Tuesday-Blitz-November-28-2023"]
[Site "Chess.com"]
[Date "2023.11.28"]
[Round "5"]
[White "LaGuayabaAlbizuista"]
[Black "kingofthenil"]
[Result "0-1"]
[WhiteElo "1995"]
[BlackElo "2690"]
[TimeControl "180+1"]
[EndTime "14:52:49 PST"]
[Termination "kingofthenil won by checkmate"]

1. e4 c5 2. Nf3 d6 3. d4 cxd4 4. Nxd4 Nf6 5. Nc3 Nc6 6. Be3 Ng4 7. Bc1 Qb6 8. Bb5 e5 9. Nd5 Qxd4 10. Bxc6+ bxc6 11. Qxd4 exd4 12. Nc7+ Kd7 13. Nxa8 Bb7 14.
Bf4 Bxa8 15. Bg3 Be7 16. O-O-O h5 17. h3 Ne5 18. f4 Nc4 19. Rxd4 d5 20. Rhd1 Bc5 21.
Rxc4 Be3+ 22. Kb1 h4 23. Bh2 Re8 24. exd5 cxd5 25. f5 Bc6 26. Rc3 d4 27. Rcd3 Bb5 28. Rb3 a6 29. c3 d3 30. Rb4 Bc5 31. Rxh4 Kc8 32. Rg4 Re2 33. c4 Bd7 34. Rf4 Be3 35. Rf3 d2 36. Rxe3 Bxf5+ 37. Ka1 Rxe3 38. Rxd2 Re1+ 39.
Rd1 Rxd1# 0-1

[Event "Late-Titled-Tuesday-Blitz-November-28-2023"]
[Site "Chess.com"]
[Date "2023.11.28"]
[Round "5"]
[White "Zavgorodniy_Sergiy"]
[Black "inagreV"]
[Result "1-0"]
[WhiteElo "2662"]
[BlackElo "2444"]
[TimeControl "180+1"]
[EndTime "14:52:50 PST"]
[Termination "Zavgorodniy_Sergiy won on time"]

1. d4 d5 2. c4 e6 3. Nf3 c6 4. e3 f5 5. g3 Bd6 6. Bg2 Nd7 7. O-O Ngf6 8. b3 Qe7 9. a4 a5 10. Ba3 b6 11. Bxd6 Qxd6 12. Nbd2 O-O 13. Qc2 Ba6 14. Qb2 Rab8 15. Rfd1 Ne4 16. Rac1 Qb4 17. Ne1 Nxd2 18. Rxd2 dxc4 19. Bxc6 Rfc8 20. Bxd7 c3 21.
Bxe6+ Kh8 22. Rxc3 Qxc3 23. Bxc8 Rxc8 24. Kg2 Qb4 25. Nd3 Bb7+ 26. f3 Qe7 27. Ne5 Rd8 28.
Rc2 g5 29. Qc3 f4 30. exf4 gxf4 31. Qc7 Qxc7 32. Rxc7 Bd5 33. gxf4 Bxb3 34. Rb7 Rxd4 35. Rxb6 Bxa4 36. Rb8+ Kg7 37. Rb7+ Kh6 38. Kg3 Bc2 39. Ra7 a4 40. Kg4 Rd1 41. Ra6+ 1-0

[Event "Late-Titled-Tuesday-Blitz-November-28-2023"]
[Site "Chess.com"]
[Date "2023.11.28"]
[Round "5"]
[White "YellowJacek"]
[Black "MNyuyu"]
[Result "0-1"]
[WhiteElo "2348"]
[BlackElo "2484"]
[TimeControl "180+1"]
[EndTime "14:52:53 PST"]
[Termination "MNyuyu won on time"]

1. c4 d5 2. cxd5 c6 3. dxc6 Nxc6 4. g3 Nf6 5. Bg2 g6 6. Nf3 Bg7 7. O-O O-O 8. Nc3 e5 9. d3 Qe7 10. Be3 h6 11. Rc1 Rd8 12. Qa4 Be6 13. a3 a6 14. b4 Rac8 15. b5 axb5 16. Nxb5 Ra8 17. Qc2 Nd5 18. Bc5 Qd7 19. Nd2 Ra5 20. a4 Rda8 21. Nc4 Ncb4 22. Qd2 Rxa4 23. Bxb4 Qxb5 24. Bd6 Ra2 25. Rc2 Qb3 26. Rfc1 Rxc2 27. Rxc2 Ra1+ 28. Rc1 Qa2 29. Qxa2 Rxa2 30. Bf3 f6 31. Rb1 Nc3 32. Rxb7 Bh3 0-1

[Event "Late-Titled-Tuesday-Blitz-November-28-2023"]
[Site "Chess.com"]
[Date "2023.11.28"]
[Round "5"]
[White "HalfIsCrayfish"]
[Black "e4evr"]
[Result "1-0"]
[WhiteElo "2599"]
[BlackElo "2132"]
[TimeControl "180+1"]
[EndTime "14:52:55 PST"]
[Termination "HalfIsCrayfish won by checkmate"]

1. d4 Nf6 2. Nc3 d5 3. Bg5 Nbd7 4. Qd3 c6 5. O-O-O h6 6. Bh4 g5 7. Bg3 Bg7 8. h4 g4 9. f3 h5 10. e4 Qa5 11. Kb1 Nb6 12. e5 Ng8 13. fxg4 Bxg4 14.
Be2 Nh6 15. Bxg4 Nxg4 16. e6 Bf6 17. exf7+ Kxf7 18. Nf3 Nc4 19. b3 Na3+ 20. Kb2 Nb5 21. Nxb5 cxb5 22. Rhf1 b4 23. Ne5+ Nxe5 24. dxe5 Rac8 25.
exf6 e6 26. Be5 Rc6 27. Rf3 Ra6 28. a4 bxa3+ 29. Ka2 d4 30. Qxd4 Qd5 31. Qb4 Qxf3 32. Qe7+ Kg6 33. Qg7+ Kf5 34. gxf3 Kxe5 35. f7+ Kf5 36.
Qg5# 1-0

[Event "Late-Titled-Tuesday-Blitz-November-28-2023"]
[Site "Chess.com"]
[Date "2023.11.28"]
[Round "5"]
[White "The_Straightforward_Rook"]
[Black "CheckThis4"]
[Result "0-1"]
[WhiteElo "2463"]
[BlackElo "2716"]
[TimeControl "180+1"]
[EndTime "14:52:55 PST"]
[Termination "CheckThis4 won by resignation"]

1. e4 Nc6 2. Nf3 e5 3. Bc4 Nf6 4. d3 Bc5 5. Bg5 h6 6. Bh4 g5 7. Bg3 d6 8. c3 Qe7 9. a4 a6 10.
Nbd2 Ba7 11. O-O Bg4 12. Kh1 h5 13. h3 h4 14. Bh2 Bh5 15. Bd5 g4 16. hxg4 Bxg4 17. Qb3 Na5 18. Qc2 h3 19. b4 hxg2+ 20. Kxg2 Bh3+ 21. Kh1 Nxd5 22. exd5 Bxf1 23. Rxf1 Qd7 24. Ne4 O-O-O 25. bxa5 Qh3 26. Qe2 Rdg8 27. Rg1 f5 28. Neg5 Qh5 29. Rg2 Rg6 30. Ng1 Rxg5 0-1

[Event "Late-Titled-Tuesday-Blitz-November-28-2023"]
[Site "Chess.com"]
[Date "2023.11.28"]
[Round "5"]
[White "Dontmesswithme_2"]
[Black "mbojan"]
[Result "0-1"]
[WhiteElo "2464"]
[BlackElo "2853"]
[TimeControl "180+1"]
[EndTime "14:52:56 PST"]
[Termination "mbojan won on time"]

1. d4 a6 2. e4 e6 3. Bd3 d5 4. Nf3 dxe4 5. Bxe4 Nf6 6. Bd3 c5 7. O-O Nc6 8. dxc5 Bxc5 9. a3 O-O 10. b4 Bd4 11.
Nxd4 Qxd4 12. c3 Qh4 13. Qe2 e5 14. Nd2 Bg4 15. f3 Be6 16. Ne4 Nd5 17. g3 Qh5 18. Bb2 Bh3 19. Rf2 Rad8 20. Qc2 Ne3 21. Qe2 Nd5 22. Re1 Nde7 23. Nc5 Bc8 24. Qc2 b5 25. f4 exf4 26. Rxf4 Ng6 27. Rfe4 Nce5 28. Be2 Qh3 29. c4 Bf5 30. Nxa6 Bxe4 31. Qxe4 Nxc4 32. Bxc4 bxc4 33.
Bc3 h5 34. Qxc4 h4 35. gxh4 Nxh4 0-1

[Event "Late-Titled-Tuesday-Blitz-November-28-2023"]
[Site "Chess.com"]
[Date "2023.11.28"]
[Round "5"]
[White "StellarChessPro"]
[Black "Hirna2005"]
[Result "1-0"]
[WhiteElo "2522"]
[BlackElo "2341"]
[TimeControl "180+1"]
[EndTime "14:52:56 PST"]
[Termination "StellarChessPro won by checkmate"]

1. d4 g6 2. Nf3 Bg7 3. Nc3 d6 4.
e4 a6 5. Bc4 Nf6 6. e5 dxe5 7.
Nxe5 O-O 8. h4 Nbd7 9. Qe2 c5 10.
h5 cxd4 11. hxg6 Nxe5 12. Qxe5 hxg6 13. Ne2 b5 14. Bb3 Bf5 15. Qxd4 Ne4 16. Qe3 Rc8 17. g4 Nxf2 18. Qxf2 Bxg4 19. Qh2 Bh5 20. Qg2 Qd7 21. Nf4 Rfd8 22. Be3 Bxb2 23. Rxh5 Bc3+ 24. Ke2 Bxa1 25. Qxg6+ Bg7 26. Qxf7# 1-0

[Event "Late-Titled-Tuesday-Blitz-November-28-2023"]
[Site "Chess.com"]
[Date "2023.11.28"]
[Round "5"]
[White "FontVella8"]
[Black "SpeedofLight0"]
[Result "0-1"]
[WhiteElo "2580"]
[BlackElo "2880"]
[TimeControl "180+1"]
[EndTime "14:52:59 PST"]
[Termination "SpeedofLight0 won on time"]

1. e4 d6 2. d4 Nf6 3. Nc3 e5 4. Nf3 Nbd7 5. Bc4 Be7 6. O-O O-O 7. h3 c6 8. a4 Nxe4 9. Nxe4 d5 10. Nxe5 Nxe5 11. dxe5 dxc4 12. Nd6 Be6 13. Bf4 Qb6 14. a5 Qc7 15. Qd4 b5 16. axb6 axb6 17. Nxc4 Bc5 18.
Qc3 b5 19. Nd6 Qb6 20. Qg3 Kh8 21. Ne4 Be7 22. Bg5 Qc7 23. Bxe7 Qxe7 24. Nd6 h6 25.
Qe3 Bd5 26. Nf5 Qe6 27. Nd4 Qg6 28. f3 c5 29. Nxb5 Bc4 30. Qxc5 Bxf1 31. Rxf1 Rfc8 32.
Qd6 Qxc2 33. Nd4 Qxb2 34. Nf5 Ra2 35. Nh4 Rc2 36. Qd8+ Kh7 37. Qd3+ g6 38. Kh1 Rxg2 0-1

[Event "Late-Titled-Tuesday-Blitz-November-28-2023"]
[Site "Chess.com"]
[Date "2023.11.28"]
[Round "5"]
[White "Ellaijio_B"]
[Black "TRadjabov"]
[Result "0-1"]
[WhiteElo "2778"]
[BlackElo "3008"]
[TimeControl "180+1"]
[EndTime "14:53:00 PST"]
[Termination "TRadjabov won by resignation"]

1. b3 Nf6 2. Bb2 c5 3. Nf3 Nc6 4. e3 a6 5. g3 d6 6. Bg2 e5 7. O-O Be7 8. d4 cxd4 9. exd4 e4 10. Nfd2 d5 11. Re1 O-O 12. c4 Nb4 13. Bf1 Bg4 14.
Qc1 Rc8 15. Nc3 Re8 16. a3 Nd3 17. Bxd3 exd3 18. c5 Qd7 19. Nf1 h5 20. Qd2 Bf5 21.
b4 Ne4 22. Nxe4 Bxe4 23. f3 Bxf3 24. Qxd3 Be4 25. Qd2 h4 26. Rxe4 dxe4 27. d5 Qg4 28. Ne3 Qg6 29. Qf2 Bg5 30. Rd1 hxg3 31. hxg3 Qh5 32.
Rf1 Bxe3 33. Qxe3 Qxd5 34. Kg2 Rc6 35. Rf4 Rg6 36. Bd4 f6 37. a4 Kf7 38. Rf2 Rh8 39. b5 axb5 40. axb5 Rgh6 41. Kf1 Qc4+ 42. Ke1 Rh1+ 43.
Kd2 Qc1+ 0-1

[Event "Late-Titled-Tuesday-Blitz-November-28-2023"]
[Site "Chess.com"]
[Date "2023.11.28"]
[Round "5"]
[White "Hilary46"]
[Black "K_A_S_T_O_R"]
[Result "0-1"]
[WhiteElo "2628"]
[BlackElo "2897"]
[TimeControl "180+1"]
[EndTime "14:53:00 PST"]
[Termination "K_A_S_T_O_R won by resignation"]

1. e4 c5 2. Nf3 d6 3. d4 cxd4 4.
Nxd4 Nf6 5. Nc3 a6 6. Bg5 e6 7. f4 Nbd7 8. Qf3 Qc7 9. O-O-O b5 10. e5 Bb7 11. Qh3 dxe5 12. Nxe6 fxe6 13. Qxe6+ Be7 14.
Bxf6 gxf6 15. Bxb5 axb5 16. Nxb5 Qc6 17. Nd6+ Qxd6 18.
Rxd6 Nc5 19. Qg4 Bxd6 20. Qg7 O-O-O 21. f5 Ne4 22. Rd1 Bc5 23. Rxd8+ Rxd8 24. Qh6 Nf2 25. c3 Be4 26. b4 Ng4 27. Qxh7 Be3+ 28. Kb2 Bg5 29. h4 Bf4 30. h5 Ne3 31. h6 Rd2+ 32. Ka3 Bd5 33. Qh8+ Kc7 34. Qg7+ Kc6 35. Qxf6+ Kb5 36.
Qa6+ Kxa6 0-1

[Event "Late-Titled-Tuesday-Blitz-November-28-2023"]
[Site "Chess.com"]
[Date "2023.11.28"]
[Round "5"]
[White "NateSolon"]
[Black "kai_nov"]
[Result "1-0"]
[WhiteElo "2677"]
[BlackElo "2280"]
[TimeControl "180+1"]
[EndTime "14:53:00 PST"]
[Termination "NateSolon won on time"]

1. d4 Nf6 2. Bf4 b6 3. Nc3 Bb7 4. f3 Nh5 5. Bg5 h6 6. Bh4 g5 7.
Bf2 Bg7 8. e4 d6 9. h4 Nd7 10.
Qd2 e6 11. O-O-O f5 12. exf5 exf5 13. Re1+ Kf8 14. Nh3 f4 15. Bd3 Qf6 16. Ne4 Bxe4 17. Bxe4 Re8 18. Bc6 Qf5 19. Rxe8+ Kxe8 20. Re1+ Kd8 21.
Qe2 Bf6 22. Qa6 Nb8 23. Qb7 Nxc6 24. Qxc6 Qc8 25. Qe4 Qd7 26. Qg6 1-0

[Event "Late-Titled-Tuesday-Blitz-November-28-2023"]
[Site "Chess.com"]
[Date "2023.11.28"]
[Round "5"]
[White "FM_Kappeler"]
[Black "nindjaxx8"]
[Result "1-0"]
[WhiteElo "2324"]
[BlackElo "2450"]
[TimeControl "180+1"]
[EndTime "14:53:01 PST"]
[Termination "FM_Kappeler won by checkmate"]

1. d4 d5 2. c4 e6 3. Nf3 Nf6 4.
g3 Be7 5. Bg2 O-O 6. O-O b6 7.
Nbd2 Bb7 8. Qc2 Nbd7 9. cxd5 Nxd5 10. e4 Nb4 11. Qb3 Na6 12. Re1 c5 13. d5 exd5 14.
exd5 Nf6 15. Ne5 Nxd5 16. Ndc4 Nac7 17. Na5 bxa5 18. Qxb7 Bf6 19. Nc6 Qd6 20. Rd1 Qe6 21.
Bd2 Rac8 22. Bxa5 Rfe8 23. Re1 Qf5 24. Rxe8+ Rxe8 25. Bxc7 Qd7 26. Bxd5 Qxd5 27. Ne7+ Rxe7 28. Qxd5 Re2 29. Qa8+ Re8 30. Qxe8# 1-0

[Event "Late-Titled-Tuesday-Blitz-November-28-2023"]
[Site "Chess.com"]
[Date "2023.11.28"]
[Round "5"]
[White "NCchamp"]
[Black "Redzishchess"]
[Result "1-0"]
[WhiteElo "2371"]
[BlackElo "2505"]
[TimeControl "180+1"]
[EndTime "14:53:02 PST"]
[Termination "NCchamp won on time"]

1. e4 c5 2. Nc3 Nc6 3. Bb5 g6 4. Bxc6 dxc6 5. d3 Bg7 6. f4 e5 7.
Nf3 exf4 8. Bxf4 Ne7 9. O-O O-O 10. Kh1 Bg4 11. h3 Bxf3 12. Rxf3 f5 13. Qe2 Qd7 14. Re1 Rae8 15. e5 Nd5 16. Nxd5 cxd5 17. d4 cxd4 18. Rd3 Qa4 19. b3 Qb4 20. a3 Qb6 21. Qd2 g5 22. Bh2 f4 23. Rxd4 1-0

[Event "Late-Titled-Tuesday-Blitz-November-28-2023"]
[Site "Chess.com"]
[Date "2023.11.28"]
[Round "5"]
[White "gahryman"]
[Black "GiorgianBarbosa"]
[Result "1-0"]
[WhiteElo "2698"]
[BlackElo "2536"]
[TimeControl "180+1"]
[EndTime "14:53:04 PST"]
[Termination "gahryman won by checkmate"]

1. e4 c5 2. Nc3 g6 3. h4 Bg7 4. h5 Nc6 5. Bc4 e6 6. d3 Nge7 7. h6 Be5 8. Nf3 Bc7 9. Bg5 a6 10. Bf6 O-O 11. a3 b5 12. Ba2 d6 13. Qd2 b4 14. axb4 cxb4 15. Nd1 d5 16. Qg5 Qd6 17. e5 Qd7 18. Ne3 Bd8 19. Ng4 Nf5 20. Bb3 a5 21. Ba4 Bb7 22. Bxd8 Qxd8 23. Nf6+ Kh8 24. Bxc6 Bxc6 25.
g4 d4 26. Rh3 Bxf3 27. Rxf3 Ne7 28. Nd7 f6 29. exf6 Nd5 30. Nxf8 Qxf8 31. f7 Qd6 32.
Kf1 Rf8 33. Rxa5 e5 34. Rxd5 Qxd5 35. Qf6# 1-0

[Event "Late-Titled-Tuesday-Blitz-November-28-2023"]
[Site "Chess.com"]
[Date "2023.11.28"]
[Round "5"]
[White "DamianoLew95"]
[Black "whitemirrorninja"]
[Result "1-0"]
[WhiteElo "2751"]
[BlackElo "2538"]
[TimeControl "180+1"]
[EndTime "14:53:06 PST"]
[Termination "DamianoLew95 won by resignation"]

1. e4 e5 2. Nf3 Nc6 3. Bb5 a6 4. Bxc6 dxc6 5. O-O f6 6. d4 exd4 7. Nxd4 c5 8. Nb3 Qxd1 9. Rxd1 Bd7 10. Bf4 O-O-O 11. Nc3 Ne7 12. Nxc5 Ng6 13. Nxd7 Rxd7 14. Rxd7 Kxd7 15. Rd1+ Bd6 16. Bxd6 cxd6 17. Nd5 Ne7 18. Nxe7 Kxe7 19. f3 Rc8 20. c3 a5 21. Kf2 Rc6 22. Ke3 Rb6 23. b3 a4 24. Rb1 g5 25. Kd3 Ke6 26. b4 Rc6 27. c4 b5 28. cxb5 Rb6 29.
Kc4 Rb8 30. b6 Rxb6 31. b5 g4 32. fxg4 Ke5 33. Kb4 Kxe4 34. Kxa4 Kd4 35. Kb4 Rb8 36. a4 Rc8 37. Rd1+ Ke5 38. b6 d5 39. a5 Kd6 40.
Kb5 Rc2 41. Ka6 Rxg2 42. Kb7 Rxg4 43. a6 Rg7+ 44. Ka8 Rg8+ 45. Ka7 f5 46. b7 Rg7 47. Ka8 1-0

[Event "Late-Titled-Tuesday-Blitz-November-28-2023"]
[Site "Chess.com"]
[Date "2023.11.28"]
[Round "5"]
[White "katharinareinecke"]
[Black "Godzillator"]
[Result "0-1"]
[WhiteElo "2007"]
[BlackElo "2352"]
[TimeControl "180+1"]
[EndTime "14:53:06 PST"]
[Termination "Godzillator won by resignation"]

1. d4 Nf6 2. c4 c5 3. Nf3 cxd4 4.
Nxd4 g6 5. g3 Bg7 6. Bg2 O-O 7.
O-O Nc6 8. e4 a6 9. Be3 d6 10.
Nc3 Ne5 11. b3 Bd7 12. f4 Nfg4 13. Bd2 Nxh2 14. fxe5 Nxf1 15. Qxf1 Bxe5 16. Nf3 Bg7 17. Rc1 b5 18. Nd5 bxc4 19. bxc4 e6 20. Ne3 Qb6 21. Kh2 Rac8 22. Ng4 f5 23. Nh6+ Kh8 24. exf5 exf5 25.
Nh4 Bc6 26. Bc3 Bxg2 27. Qxg2 Qe3 28. Bxg7+ Kxg7 29. Qb2+ Kxh6 30. Rc2 Rfe8 31. Kg2 Qe4+ 32. Nf3 Rxc4 33. Rxc4 Qxc4 34. Qd2+ f4 35. gxf4 Re2+ 36. Qxe2 Qxe2+ 0-1

[Event "Late-Titled-Tuesday-Blitz-November-28-2023"]
[Site "Chess.com"]
[Date "2023.11.28"]
[Round "5"]
[White "rdarruda"]
[Black "GMthekingindian"]
[Result "1-0"]
[WhiteElo "2521"]
[BlackElo "2330"]
[TimeControl "180+1"]
[EndTime "14:53:07 PST"]
[Termination "rdarruda won on time"]

1. d4 d5 2. Nf3 c6 3. c4 Nf6 4. e3 Bf5 5. Nc3 e6 6. Bd3 Bxd3 7. Qxd3 Nbd7 8. O-O Be7 9. e4 dxc4 10. Qxc4 O-O 11. Bf4 Qa5 12. Rad1 Rfd8 13. h3 Rac8 14. a3 h6 15. Rfe1 a6 16. Qb3 b5 17. Ne5 Nxe5 18.
Bxe5 c5 19. dxc5 Rxc5 20. Rxd8+ Qxd8 21. Rd1 Qc8 22. Bd4 Rc4 23. e5 Nd5 24. Nxd5 exd5 25. Qf3 Qe6 26. Bc3 b4 27. axb4 Bxb4 28. Rxd5 Bxc3 29. bxc3 g6 30. Qd3 Rc8 31. f4 Kg7 32. Qd4 Qc6 33. e6+ Kg8 34. exf7+ Kxf7 35. Rd7+ Ke6 36. Rg7 Qxc3 37. Qd7+ 1-0